 Dungeon Crawl Stone Soup version 0.32-a0-540-g866d13106e (webtiles) character file.

Game seed: 15575772145271217114

2558 Dittersdorf the Shield-Bearer (level 9, -2/58 HPs)
             Began as a Gargoyle Fighter on Feb 28, 2024.
             Was an Initiate of Gozag.
             Splashed by a brown ugly thing's acid (7 damage)
             ... on level 6 of the Dungeon.
             The game lasted 00:06:48 (5524 turns).

Dittersdorf the Shield-Bearer (Gargoyle Fighter)    Turns: 5524, Time: 00:06:49

Health: -2/58      AC: 11    Str: 30    XL:     9   Next: 56%
Magic:  9/9        EV:  9    Int:  9    God:    Gozag
Gold:   471        SH:  5    Dex:  9    Spells: 8/8 levels left

rFire   . . .        n - +2 whip (elec)
rCold   . . .        c - +0 buckler
rNeg    + . .        q - +1 chain mail
rPois   ∞            b - +0 helmet
rElec   +            (no cloak)
rCorr   .            (no gloves)
SInv    .            (no boots)
Will    .....        (no amulet) Stlth
                     k - +6 ring of strength
HPRegen 0.29/turn    (no ring)
MPRegen 0.11/turn

%: no passive effects
@: corroded
A: sickness immunity, AC +6, negative energy resistance 1, electricity
resistance, torment resistance 1, petrification resistance
a: Renounce Religion, Potion Petition, Call Merchant, Bribe Branch


You were on level 6 of the Dungeon.
You worshipped Gozag.
Gozag was aware of your devotion.
You visited 2 branches of the dungeon, and saw 9 of its levels.

You collected 583 gold pieces.
You paid 112 gold pieces to Gozag.

Inventory:

Hand Weapons
 a - a +0 flail of protection
 n - a +2 whip of electrocution (weapon)
Missiles
 p - a curare-tipped dart (quivered)
Armour
 b - a +0 helmet (worn)
 c - a +0 buckler (worn)
 q - a +1 chain mail (worn)
Jewellery
 k - a +6 ring of strength (left hand)
Wands
 h - a wand of quicksilver (9)
 r - a wand of digging (5)
Scrolls
 f - a scroll of enchant armour
 g - 4 scrolls of teleportation
Potions
 d - a potion of might
 e - 2 potions of enlightenment
 i - 3 potions of curing
 l - a potion of brilliance
 m - 2 potions of heal wounds
 o - a potion of resistance
 s - a potion of ambrosia


   Skills:
 + Level 7.7 Fighting
 + Level 6.6 Maces & Flails
 + Level 7.7 Armour
 + Level 7.7 Shields


You had 8 spell levels left.
You didn't know any spells.
Your spell library was empty.

Dungeon Overview and Level Annotations

Branches:
Dungeon (8/15)             Temple (1/1) D:5
   Lair: D:8-11

Altars:
Ashenzari
Dithmenos
Elyvilon
Fedhas
Gozag
Hepliaklqana
Makhleb
Nemelex Xobeh
Okawaru
Sif Muna
Trog
Uskayaw
Vehumet
Wu Jian
Yredelemnul
Zin
The Shining One

Shops:
D:1 !


Innate Abilities, Weirdness & Mutations

You are immune to sickness and miasma.
Your stone body is resilient. (AC +6)
You are immune to poison.
You resist negative energy. (rN+)
You are resistant to electric shocks. (rElec)
You are resistant to unholy torment.
You are immune to petrification.


Message History

You are too injured to fight recklessly!
You are too injured to fight recklessly!
You are too injured to fight recklessly!
You are too injured to fight recklessly!
You are too injured to fight recklessly!
You are too injured to fight recklessly!
You are too injured to fight recklessly!
You are too injured to fight recklessly!
You completely miss the brown ugly thing.
The brown ugly thing is severely wounded.
The brown ugly thing splashes around in the water.
You barely miss the brown ugly thing.
The brown ugly thing is severely wounded.
The brown ugly thing splashes around in the water.
You closely miss the brown ugly thing.
The brown ugly thing is severely wounded.
You hit the brown ugly thing but do no damage.
The brown ugly thing is severely wounded.
The brown ugly thing splashes around in the water.
You hit the brown ugly thing but do no damage.
The brown ugly thing is severely wounded.
The brown ugly thing splashes around in the water.
You hit the brown ugly thing.
The brown ugly thing is severely wounded.
The brown ugly thing punches you.
* * * LOW HITPOINT WARNING * * *
You are splashed with acid.
* * * LOW HITPOINT WARNING * * *
You closely miss the brown ugly thing.
The brown ugly thing is severely wounded.
The brown ugly thing splashes around in the water.
You hit the brown ugly thing but do no damage.
The brown ugly thing is severely wounded.
You hit the brown ugly thing.
The brown ugly thing is severely wounded.
The brown ugly thing punches you.
* * * LOW HITPOINT WARNING * * *
The acid corrodes you!
You are splashed with acid!
You die...
Your body crumbles into a pile of gold.

..#
#~##≈SS##÷[~[$#.########
###
#~#≈≈~S≈#.P~P$#...[....#
#~#!=./.#P..P.##.#####.#
#~#~~P.÷#.....#..#......
#~#P..P~# ##.#.###.#
#.#.....# #.#.#...# #.#
####..#.#...... #.##
+##~~...##........
##.####@u~# ######...
##~~...### #... #######
#... #... #... ##.. #<.
##. #


You could see a brown ugly thing.

Vanquished Creatures
  Pikel (D:4)
  Grinder (D:3)
  A water moccasin (D:8)
  A black bear (D:6)
  An ice beast (D:6)
  A centaur (D:6)
  An ogre (D:7)
  3 lemures (D:4)
  2 phantoms (D:5)
  A kobold brigand (D:7)
  A bullfrog (D:6)
  4 scorpions
  5 wights
  3 howler monkeys (D:7)
  An orc priest (D:5)
  2 jellies
  A sleepcap (D:4)
  An iguana (D:4)
  4 orc wizards
  A gnoll (D:5)
  8 adders
  A white imp (D:7)
  A dart slug (D:1)
  A ribbon worm (D:3)
  7 orcs
  10 ball pythons
  2 bats (D:1)
  14 endoplasms
  2 giant cockroaches
  7 goblins
  9 hobgoblins
  6 jackals
  5 quokkas
  5 frilled lizards
  8 kobolds
  7 rats
129 creatures vanquished.

Vanquished Creatures (others)
  Prince Ribbit (D:7)
1 creature vanquished.

Grand Total: 130 creatures vanquished

Notes
Turn   | Place    | Note
-------+----------+-------------------------------------------
     0 | D:1      | Dittersdorf the Gargoyle Fighter began the quest for the
                  | Orb.
     0 | D:1      | Reached XP level 1. HP: 14/14 MP: 1/1
    85 | D:1      | Reached XP level 2. HP: 19/19 MP: 2/2
   321 | D:1      | Reached XP level 3. HP: 23/23 MP: 3/3
   357 | D:1      | Found Mizockun's Distillery.
  1013 | D:2      | Reached XP level 4. HP: 29/29 MP: 4/4
  2572 | D:3      | Noticed Grinder
  2662 | D:2      | Reached XP level 5. HP: 33/33 MP: 5/5
  2672 | D:3      | Paralysed by Grinder for 3 turns
  2682 | D:3      | Killed Grinder
  2683 | D:3      | Reached XP level 6. HP: 19/40 MP: 6/6
  3130 | D:4      | Reached skill level 5 in Fighting
  3130 | D:4      | Reached skill level 5 in Armour
  3144 | D:4      | Reached skill level 5 in Shields
  3144 | D:4      | Reached XP level 7. HP: 22/44 MP: 7/7
  3797 | D:5      | Entered Level 5 of the Dungeon
  3826 | D:5      | Noticed Pikel
  3982 | D:4      | Killed Pikel
  3983 | D:4      | Reached skill level 5 in Maces & Flails
  3983 | D:4      | Reached XP level 8. HP: 26/51 MP: 8/8
  4117 | D:5      | Found a staircase to the Ecumenical Temple.
  4126 | Temple   | Entered the Ecumenical Temple
  4159 | Temple   | Became a worshipper of Gozag Ym Sagoz the Greedy
  4567 | D:5      | You fall into a shaft and drop 3 floors!
  4647 | D:7      | Noticed Prince Ribbit
  4671 | D:7      | Reached XP level 9. HP: 40/56 MP: 9/9
  4740 | D:7      | Your ally Prince Ribbit died
  5500 | D:6      | Noticed a brown ugly thing
  5524 | D:6      | Splashed by a brown ugly thing's acid

Illustrated notes

Levels and vault maps discovered:
D:1:      dpeg_arrival_rooms_c, layout_loops_ring, serial_shops,
          nicolae_shop_statue_plus
D:2:      layout_basic
D:3:      layout_loops_ring, nicolae_concentric_dashed_squares_wild,
          minivault_5, minmay_misc_feat_columns, uniq_grinder
D:4:      layout_rooms
D:5:      black_bear_nest_1, layout_rooms, nicolae_overflow_two_pavilions,
          minmay_temple_entry_glass, kennysheep_generic_room_7, uniq_pikel
D:6:      cheibrodos_two_vegetables, layout_basic, overflow_temple_1_default
D:7:      layout_rooms, uniq_crazy_yiuf_cottage, uniq_prince_ribbit1,
          uniq_maurice
D:8:      layout_loops_corners, lair_entry_dummy
Temple:   nicolae_temple_bog_church

Skill      XL: |  1  2  3  4  5  6  7  8  9 |
---------------+----------------------------+-----
Armour         | 4 5 6 7 |  7.7
Fighting       | 4 5 6 7 |  7.7
Shields        | 4 5 6 7 |  7.7
Maces & Flails | 3 5 6 |  6.6

Action                     |  1- 3 |  4- 6 |  7- 9 || total
---------------------------+-------+-------+-------++-------
  Melee: Flail             |   107 |   129 |    91 ||   327
         Whip              |       |       |   199 ||   199
  Evoke: Wand              |       |       |     1 ||     1
    Use: Scroll            |       |     8 |     8 ||    16
 Armour: Scale mail        |    53 |    43 |       ||    96
         Chain mail        |       |    72 |   241 ||   313
  Dodge: Dodged            |    63 |    62 |   119 ||   244
  Block: Buckler           |    19 |    28 |    66 ||   113

Table legend: (Time is in decaauts)
 A = Elapsed time spent in this place.
 B = Non-inter-level travel time spent in this place.
 C = Inter-level travel time spent in this place.
 D = Time resting spent in this place.
 E = Time spent auto-exploring this place.
 F = Levels seen in this place.
 G = Mean time per level.
                   A        B        C        D        E       F      G
               +--------+--------+--------+--------+--------+-----+--------+
         Total |   5590 |   5214 |    376 |    757 |   3102 |   9 |  621.1 |
       Dungeon |   5537 |   5196 |    341 |    744 |   3102 |   8 |  692.1 |
        Temple |     52 |     18 |     34 |     13 |      0 |   1 |   52.0 |
               +--------+--------+--------+--------+--------+-----+--------+

Top non-repeatable levels by time:
     D:2: 1246 daAuts
     D:4: 1047 daAuts
     D:3: 936 daAuts
     D:1: 889 daAuts
     D:5: 479 daAuts
     D:6: 452 daAuts
     D:8: 245 daAuts
     D:7: 239 daAuts
  Temple: 52 daAuts
